 Dungeon Crawl Stone Soup version 0.21-a0-538-gd16b88a (webtiles) character file.

80 slep the Chopper (level 4, -2/34 HPs)
             Began as a Demonspawn Gladiator on Dec 15, 2017.
             Slain by a worker ant (7 damage)
             ... on level 2 of the Dungeon.
             The game lasted 00:03:40 (601 turns).

slep the Chopper (Demonspawn Gladiator)              Turns: 601, Time: 00:03:41

Health: -2/34      AC:  3    Str: 14    XL:     4   Next: 18%
Magic:  4/4        EV: 15    Int: 10    God:
Gold:   68         SH:  0    Dex: 15    Spells: 3/3 levels left

rFire    . . .     SeeInvis .   a - +0 war axe
rCold    . . .     Gourm    .   (no shield)
rNeg     . . .     Faith    .   b - +0 leather armour
rPois    .         Spirit   .   (helmet restricted)
rElec    .         Reflect  .   (no cloak)
rCorr    .         Harm     .   (no gloves)
MR       .....                  (no boots)
Stlth    +.........             (no amulet)
HPRegen  0.11/turn              (no ring)
MPRegen  0.09/turn              (no ring)

@: confused, lethally poisoned (-2 -> -15)
A: antennae 1, repulsion field 1, powered by death 1
a: no special abilities


You were on level 2 of the Dungeon.
You were not hungry.

You visited 1 branch of the dungeon, and saw 2 of its levels.

You collected 68 gold pieces.

Inventory:

Hand Weapons
 a - a +0 war axe (weapon)
Missiles
 d - 3 throwing nets (quivered)
Armour
 b - a +0 leather armour (worn)
 c - a +0 helmet
Scrolls
 e - 2 scrolls of identify {unknown}
 g - a scroll of teleportation {unknown}
 h - a scroll of fear {unknown}
Potions
 k - a potion of ambrosia
Comestibles
 f - a bread ration
 i - a royal jelly
 j - a meat ration
 l - 3 chunks of flesh


   Skills:
 + Level 2.6 Fighting
 + Level 3.7 Axes
 + Level 1.8 Throwing
 + Level 0.6 Armour
 + Level 3.1 Dodging
 + Level 0.4 Stealth


You had 3 spell levels left.
You didn't know any spells.

Dungeon Overview and Level Annotations

Branches:
Dungeon (2/15)

Altars:


Innate Abilities, Weirdness & Mutations

You have a pair of small antennae on your head.
You are surrounded by a mild repulsion field. (EV +2)
You regenerate a little health from kills.


Message History

You barely miss the worker ant.
The worker ant is almost dead.
You hit the kobold but do no damage. You closely miss the adder.
* * * LOW HITPOINT WARNING * * *
You feel sick. The kobold hits you.
* * * LOW HITPOINT WARNING * * *
The worker ant bites you but does no damage.
The adder bites you.
* * * LOW HITPOINT WARNING * * *
You are more poisoned.
The adder poisons you! The kobold completely misses you.
It was a potion of ambrosia.
You are confused.
You feel invigorated.
* * * LOW HITPOINT WARNING * * *
You feel sick. The worker ant barely misses you. The adder misses you.
The adder closely misses you. The kobold hits you.
* * * LOW HITPOINT WARNING * * *
The worker ant bites you!
You die...

...#. ..##.#
...#.#########....
..<......#......###
..................#
...!........!.....####
.....))†....(........##.
.................g......
................hK......
................@ah.....
#..(.............Sh.....
#.#....††...............
..##....†...............
.....##.##........#.....
#######.##........####..
#............!.. #
##.##.#..........#
###†.##.#........


You could see a worker ant, an adder, 3 jackals, a hobgoblin and a kobold.

Vanquished Creatures
  2 adders (D:2)
  2 worms (D:2)
  2 dart slugs
  A leopard gecko (D:2)
  An orc (D:2)
  4 bats
  4 giant cockroaches
  3 goblins (D:1)
  2 hobgoblins (D:1)
  11 jackals (D:1)
  4 frilled lizards
  6 kobolds
  4 rats
46 creatures vanquished.

Notes
Turn   | Place    | Note
-------+----------+-------------------------------------------
     0 | D:1      | slep the Demonspawn Gladiator began the quest for the Orb.
     0 | D:1      | Reached XP level 1. HP: 16/16 MP: 1/1
   102 | D:1      | Gained mutation: You regenerate a little health from kills. [demonic ancestry]
   102 | D:1      | Reached XP level 2. HP: 15/22 MP: 2/2
   265 | D:1      | Gained mutation: You have a pair of small antennae on your head. [demonic ancestry]
   265 | D:1      | Reached XP level 3. HP: 15/28 MP: 3/3
   556 | D:2      | Gained mutation: You are surrounded by a mild repulsion field. (EV +2) [demonic ancestry]
   556 | D:2      | Reached XP level 4. HP: 27/34 MP: 4/4
   601 | D:2      | Slain by a worker ant

Vault maps used:
D:1:      mrwooster_arrival_statue_2, minmay_heptomino_l4
D:2:      elyvilon_altar_1, minmay_misc_feat_secret_circle, st_stairs_10

Skill      XL: |  1  2  3 |
---------------+----------+-----
Axes           | 3 |  3.7
Dodging        | 3 |  3.1
Fighting       | |  2.6
Throwing       | |  1.8
Armour         | |  0.6
Stealth        | |  0.4

Action                   |  1- 3 |  4- 6 || total
-------------------------+-------+-------++-------
Melee: War axe           |    86 |    25 ||   111
  Use: Potion            |       |     1 ||     1
 Stab: Sleeping          |     2 |       ||     2
Armor: Leather armour    |    47 |     8 ||    55
Dodge: Dodged            |   100 |    37 ||   137

Table legend:
 A = Spawn XP
 B = Non-spawn XP
 C = Spawn XP percentage of total XP
 D = Spawn monster count
 E = Non-spawn monster count
 F = Spawn count percentage of total count
 G = Total turns spent on level
                    A         B        C        D         E        F      G
               +---------+---------+-------+---------+---------+-------+---------
         Total |       0 |     115 |   0.0 |       0 |      46 |   0.0 |   601
               +---------+---------+-------+---------+---------+-------+---------
           D:1 |       0 |      53 |   0.0 |       0 |      29 |   0.0 |   498
           D:2 |       0 |      62 |   0.0 |       0 |      17 |   0.0 |   103
               +---------+---------+-------+---------+---------+-------+---------
